 Dungeon Crawl Stone Soup version 0.29-a0-97-g88c9fad16d (webtiles) character file.

Game seed: 5066823732918005682

37 drugrobin the Poker (level 3, 0/29 HPs)
             Began as a Demigod Warper on Feb 13, 2022.
             Slain by an adder (1 damage)
             ... on level 2 of the Dungeon.
             The game lasted 00:02:33 (1531 turns).

drugrobin the Poker (Demigod Warper)                Turns: 1531, Time: 00:02:34

Health: 0/29       AC:  3    Str: 16    XL:     3   Next: 8%
Magic:  8/8        EV: 12    Int: 15    God:
Gold:   76         SH:  0    Dex: 19    Spells: 3/5 levels left

rFire   . . .      SeeInvis .   a - +0 spear
rCold   . . .      Faith    .   (no shield)
rNeg    . . .      Spirit   .   l - +0 leather armour
rPois   .          Reflect  .   (no helmet)
rElec   .          Harm     .   (no cloak)
rCorr   .          Rampage  .   (no gloves)
Will    .....                   (no boots)
Stlth   +.........              (no amulet)
HPRegen 0.09/turn               n - +6 ring of dexterity
MPRegen 0.11/turn               (no ring)

@: mighty, flying
A: high MP 1, forlorn, divine attributes
a: no special abilities


You were on level 2 of the Dungeon.
You visited 1 branch of the dungeon, and saw 2 of its levels.

You collected 76 gold pieces.

Inventory:

Hand Weapons
 a - a +0 spear (weapon)
 b - a +0 shortbow
Missiles
 d - 5 boomerangs of dispersal
 e - 26 bolts
 f - 40 stones (quivered)
 q - an atropa-tipped dart
Armour
 g - a +0 ring mail
 l - a +0 leather armour (worn)
Jewellery
 n - a +6 ring of dexterity (left hand)
Wands
 r - a wand of iceblast (8)
Scrolls
 c - a scroll of blinking
 i - a scroll of magic mapping {unknown}
 j - a scroll of noise {unknown}
 s - a scroll of enchant armour {unknown}
Potions
 k - a potion of haste {unknown}
 m - a potion of might
 o - a potion of mutation {unknown}
 p - a potion of degeneration {unknown}


   Skills:
 - Level 1.7 Fighting
 + Level 3.4 Polearms
 - Level 0.8 Throwing
 - Level 0.8 Armour
 - Level 1.7 Dodging
 - Level 1.7 Spellcasting
 - Level 2.6 Translocations


You had 3 spell levels left.
You knew the following spells:

 Your Spells              Type           Power      Damage    Failure   Level
a - Blink                 Tloc           18%        N/A       14%         2

Your spell library contained the following spells:

 Spells                   Type           Power      Damage    Failure   Level
 Gell's Gravitas          Tloc           9%         N/A       28%         3
 Lesser Beckoning         Tloc           9%         N/A       28%         3
 Teleport Other           Tloc           9%         N/A       28%         3
 Manifold Assault         Tloc           9%         N/A       95%         5


Dungeon Overview and Level Annotations

Branches:
Dungeon (2/15)

Annotations:
D:2 Sigmund


Innate Abilities, Weirdness & Mutations

You have an increased reservoir of magic. (+10% MP)
You shall have no god before yourself.
Your divine heritage dramatically boosts your attributes as you level up.


Message History

Unknown command.
Unknown command.
Unknown command.
Unknown command.
Unknown command.
Reach: a) +0 spear
Press: ? - help, Dir - move target, f - adder
Aim: an adder (about 52% to evade your +0 spear)
You miss the adder.
An adder comes into view.
The adder barely misses you.
Unknown command.
Unknown command.
Reach: a) +0 spear
Press: ? - help, Dir - move target, f/p - adder
Aim: an adder (about 52% to evade your +0 spear)
You barely miss the adder. The adder barely misses you.
Unknown command.
Unknown command.
Reach: a) +0 spear
Press: ? - help, Dir - move target, f/p - adder
Aim: an adder (about 52% to evade your +0 spear)
You barely miss the adder. The adder bites you.
* * * LOW HITPOINT WARNING * * *
Unknown command.
Unknown command.
Unknown command.
Reach: a) +0 spear
Press: ? - help, Dir - move target, f/p - adder
Aim: an adder (about 52% to evade your +0 spear)
You hit the adder.
The adder is heavily wounded.
The adder bites you.
* * * LOW HITPOINT WARNING * * *
Unknown command.
Unknown command.
It was a potion of flight.
You feel very buoyant.
You fly up into the air.
The adder barely misses you. The adder bites you.
You die...

### ...
#######... ...
#.@Sb...(# ###
#.######.# #.#
# #.# .#
#####.# ..#
#.....######...
##.#...........
#.#......###..#
#.#.##........#


You could see an adder and a bat.

Vanquished Creatures
  An adder (D:2)
  A worm (D:2)
  A dart slug (D:1)
  2 endoplasms (D:1)
  A giant cockroach (D:1)
  3 goblins (D:1)
  6 hobgoblins
  3 kobolds
  A bat (D:1)
  2 rats
21 creatures vanquished.

Notes
Turn   | Place    | Note
-------+----------+-------------------------------------------
     0 | D:1      | drugrobin the Demigod Warper began the quest for the Orb.
     0 | D:1      | Reached XP level 1. HP: 17/17 MP: 5/5
    59 | D:1      | Reached skill level 2 in Polearms
   459 | D:1      | Reached XP level 2. HP: 18/24 MP: 7/7
  1181 | D:2      | Reached skill level 3 in Polearms
  1215 | D:2      | Learned a level 2 spell: Blink
  1489 | D:2      | Noticed Sigmund
  1526 | D:2      | Reached XP level 3. HP: 10/29 MP: 8/8
  1530 | D:2      | HP: 1/29 [adder (3)]
  1531 | D:2      | Slain by an adder

Illustrated notes

Levels and vault maps discovered:
D:1:      nzn_arrival_settlement, layout_basic, minmay_bisected
D:2:      layout_basic, uniq_sigmund

Skill      XL: |  1  2 |
---------------+-------+-----
Polearms       | 2 3 |  3.4
Fighting       | |  1.7
Throwing       | |  0.8
Armour         | |  0.8
Dodging        | |  1.7
Spellcasting   | |  1.7
Translocations | |  2.6

Action                   || total
-------------------------++-------
Melee: Spear             ||   105
       Punch             ||     2
Throw: Stone             ||     4
       Dart              ||     2
  Use: Potion            ||     2
 Stab: Sleeping          ||     1
Armor: Leather armour    ||    13
Dodge: Dodged            ||    45

Table legend: (Time is in decaauts)
 A = Elapsed time spent in this place.
 B = Non-inter-level travel time spent in this place.
 C = Inter-level travel time spent in this place.
 D = Time resting spent in this place.
 E = Time spent auto-exploring this place.
 F = Levels seen in this place.
 G = Mean time per level.
                   A        B        C        D        E       F      G
               +--------+--------+--------+--------+--------+-----+--------+
         Total |   1526 |   1513 |     13 |    345 |    875 |   2 |  763.0 |
       Dungeon |   1526 |   1513 |     13 |    345 |    875 |   2 |  763.0 |
               +--------+--------+--------+--------+--------+-----+--------+

Top non-repeatable levels by time:
     D:1: 1169 daAuts
     D:2: 357 daAuts
